 Dungeon Crawl Stone Soup version 0.27-a0-819-g058290f16d (webtiles) character file.

Game seed: 7943492395446339748

80 sleeves the Magician (level 4, 0/24 HPs)
             Began as a Deep Elf Earth Elementalist on Mar 29, 2021.
             Slain by a gnoll
             ... wielding a +0 halberd
              (13 damage)
             ... on level 2 of the Dungeon.
             The game lasted 00:02:28 (1795 turns).

sleeves the Magician (Deep Elf Earth Elementalist)  Turns: 1795, Time: 00:02:29

Health: 0/24       AC:  2    Str:  5    XL:     4   Next: 18%
Magic:  11/12      EV: 12    Int: 21    God:
Gold:   72         SH:  0    Dex: 15    Spells: 11/12 levels left

rFire    . . .     SeeInvis .   f - +0 dagger
rCold    . . .     Faith    .   (no shield)
rNeg     . . .     Spirit   .   c - +0 robe
rPois    .         Reflect  .   (no helmet)
rElec    .         Harm     .   (no cloak)
rCorr    .         Rampage  .   (no gloves)
Will     .....                  (no boots)
Stlth    ++........             (no amulet)
HPRegen  0.08/turn              (no ring)
MPRegen  0.13/turn              (no ring)

@: no status effects
A: no striking features
a: no special abilities


You were on level 2 of the Dungeon.
You visited 1 branch of the dungeon, and saw 2 of its levels.

You collected 72 gold pieces.

Inventory:

Hand Weapons
 f - a +0 dagger (weapon)
   (You took it off a kobold on level 1 of the Dungeon)
Missiles
 b - 22 stones
Armour
 c - a +0 robe (worn)
Jewellery
 a - a ring of magical power
   (You found it on level 1 of the Dungeon)
Scrolls
 d - a scroll of magic mapping {unknown}
 e - 2 scrolls of enchant weapon {unknown}
 h - a scroll of summoning {unknown}
 j - a scroll of identify {unknown}
Potions
 g - a potion of flight {unknown}
 i - a potion of might {unknown}


   Skills:
 - Level 2.4 Dodging
 - Level 2.4 Stealth
 + Level 4.8 Spellcasting
 - Level 1.1 Transmutations
 + Level 4.5 Earth Magic


You had 11 spell levels left.
You knew the following spells:

 Your Spells              Type           Power      Damage    Failure   Level
a - Sandblast             Erth           48%        2d12      1%          1

Your spell library contained the following spells:

 Spells                   Type           Power      Damage    Failure   Level
 Passwall                 Tmut/Erth      14%        N/A       5%          2
 Stone Arrow              Conj/Erth      28%        3d8       13%         3
 Petrify                  Tmut/Erth      17%        N/A       34%         4
 Lee's Rapid Deconstruct  Erth           12%        3d9*      43%         5


Dungeon Overview and Level Annotations

Branches:
Dungeon (2/15)

Altars:
Gozag


Message History

Welcome, sleeves the Deep Elf Earth Elementalist.
Will you be the one to retrieve the fabulous Orb of Zot from the depths?
Press ? for a list of commands and other information.
Found a staircase leading out of the dungeon.
You open the large door.
There is a large open door here.
You open the door.
There is an open door here.
You open the door.
There is an open door here.
b - 47 stones (gained 17)
You open the door.
There is an open door here.
You open the large door.
There is a large open door here.
You open the door.
There is an open door here.
There is an open door here.
You open the large door.
There is a large open door here.
You enter the shallow water.
Moving in this stuff is going to be slow.
You now have 6 gold pieces.
There is a fountain of clear blue water here.
There is a fountain of clear blue water here.
a - a ring of magical power You see here a +0 ring mail.
You now have 17 gold pieces (gained 11).
Found a stone staircase leading down.
You now have 26 gold pieces (gained 9). 2 jackals come into view.
The jackal barks!
You hear a bark!
The jackal moves out of view.
Found a scroll labelled BIAROARHI PIAS.
A jackal comes into view.
The blast of sand hits the jackal!
You kill the jackal!
The jackal barks!
The blast of sand hits the jackal!
You kill the jackal!
The blast of sand hits the jackal!
You kill the jackal!
Magic restored.
Found an escape hatch in the floor.
d - a scroll labelled BIAROARHI PIAS You open the door.
There is an open door here.
There is an escape hatch in the floor here.
You see here a jackal corpse.
A jackal comes into view.
A jackal is nearby!
You can't see any susceptible monsters within range! (Use Z to cast anyway.)
A jackal is nearby!
A jackal is nearby!
The jackal barks!
The blast of sand hits the jackal.
You kill the jackal!
There is a stone staircase leading down here.
A ball python comes into view.
Found a scroll labelled LON SIUPLECZE.
A ball python is nearby!
A ball python is nearby!
The blast of sand hits the ball python.
You kill the ball python!
A bat comes into view.
A bat is nearby!
A bat is nearby!
A frilled lizard and a giant cockroach come into view.
Found a pair of boots.
The blast of sand hits the bat!
You kill the bat!
There are monsters nearby!
There are monsters nearby!
The blast of sand hits the frilled lizard!
You kill the frilled lizard!
The blast of sand hits the giant cockroach.
The giant cockroach is almost dead.
The giant cockroach barely misses you.
The giant cockroach bites you but does no damage.
A giant cockroach is nearby!
The blast of sand hits the giant cockroach!
You kill the giant cockroach!
You have reached level 2!
e - a scroll labelled LON SIUPLECZE A goblin comes into view.
It is wielding a +0 club.
A goblin is nearby!
A goblin is nearby!
A kobold comes into view. It is wielding a +0 dagger.
The goblin shouts!
The blast of sand misses the goblin.
The blast of sand hits the goblin!
You kill the goblin!
A kobold is nearby!
The blast of sand misses the kobold.
The kobold shouts!
The kobold throws a stone.
The stone hits you.
The blast of sand hits the kobold.
You kill the kobold!
HP restored.
b - 35 stones (gained 1)
You see here a +0 dagger.
f - a +0 dagger
f - a +0 dagger (weapon)
b - 60 stones (gained 25)
g - a dark potion You open the door.
A giant cockroach comes into view.
There is an open door here.
You hit the giant cockroach but do no damage.
The giant cockroach barely misses you.
You hit the giant cockroach.
The giant cockroach is heavily wounded.
The giant cockroach misses you.
You closely miss the giant cockroach.
The giant cockroach is heavily wounded.
The giant cockroach bites you but does no damage.
The giant cockroach completely misses you.
You hit the giant cockroach but do no damage.
The giant cockroach is heavily wounded.
The giant cockroach closely misses you.
You barely miss the giant cockroach.
The giant cockroach is moderately wounded.
The giant cockroach waves its antennae.
The giant cockroach barely misses you.
You closely miss the giant cockroach.
The giant cockroach is moderately wounded.
The giant cockroach barely misses you.
You hit the giant cockroach but do no damage.
The giant cockroach is moderately wounded.
The giant cockroach barely misses you.
You hit the giant cockroach but do no damage.
The giant cockroach is moderately wounded.
The giant cockroach barely misses you. The giant cockroach misses you.
You hit the giant cockroach but do no damage.
The giant cockroach is moderately wounded.
The giant cockroach barely misses you.
You barely miss the giant cockroach.
The giant cockroach is moderately wounded.
The giant cockroach bites you but does no damage.
You closely miss the giant cockroach.
The giant cockroach is moderately wounded.
The giant cockroach misses you.
You hit the giant cockroach but do no damage.
The giant cockroach is moderately wounded.
The giant cockroach closely misses you.
You hit the giant cockroach but do no damage.
The giant cockroach is moderately wounded.
The giant cockroach bites you but does no damage.
The giant cockroach barely misses you.
You hit the giant cockroach but do no damage.
The giant cockroach is moderately wounded.
The giant cockroach misses you.
You hit the giant cockroach.
The giant cockroach is heavily wounded.
The giant cockroach misses you.
You hit the giant cockroach.
The giant cockroach is almost dead.
The giant cockroach barely misses you.
You completely miss the giant cockroach.
The giant cockroach is almost dead.
The giant cockroach barely misses you.
You closely miss the giant cockroach.
The giant cockroach is almost dead.
The giant cockroach closely misses you. The giant cockroach barely misses you.
You closely miss the giant cockroach.
The giant cockroach is almost dead.
The giant cockroach misses you.
You hit the giant cockroach.
You kill the giant cockroach!
No target in view!
No target in view!
No target in view!
No target in view!
No target in view!
No target in view!
A giant cockroach comes into view.
A giant cockroach is nearby!
A giant cockroach is nearby!
A giant cockroach is nearby!
You hit the giant cockroach but do no damage.
The giant cockroach barely misses you.
You hit the giant cockroach but do no damage.
The giant cockroach barely misses you.
You barely miss the giant cockroach. The giant cockroach closely misses you.
The giant cockroach barely misses you.
You hit the giant cockroach.
The giant cockroach is moderately wounded.
The giant cockroach bites you.
You barely miss the giant cockroach.
The giant cockroach is moderately wounded.
The giant cockroach barely misses you.
You barely miss the giant cockroach.
The giant cockroach is moderately wounded.
The giant cockroach bites you.
You barely miss the giant cockroach.
The giant cockroach is moderately wounded.
The giant cockroach bites you.
You hit the giant cockroach but do no damage.
The giant cockroach is moderately wounded.
The giant cockroach barely misses you. The giant cockroach bites you.
You closely miss the giant cockroach.
The giant cockroach is moderately wounded.
The giant cockroach bites you.
You hit the giant cockroach.
The giant cockroach is heavily wounded.
The giant cockroach bites you but does no damage.
You barely miss the giant cockroach.
The giant cockroach is heavily wounded.
The giant cockroach bites you but does no damage.
You hit the giant cockroach.
The giant cockroach is severely wounded.
The giant cockroach bites you.
You are too injured to fight recklessly!
You are too injured to fight recklessly!
You are too injured to fight recklessly!
You are too injured to fight recklessly!
You are too injured to fight recklessly!
You are too injured to fight recklessly!
You are too injured to fight recklessly!
You are too injured to fight recklessly!
You are too injured to fight recklessly!
You are too injured to fight recklessly!
You are too injured to fight recklessly!
You hit the giant cockroach.
The giant cockroach is almost dead.
The giant cockroach closely misses you. The giant cockroach barely misses you.
You hit the giant cockroach.
You kill the giant cockroach!
A hobgoblin comes into view.
A hobgoblin is nearby!
A hobgoblin is nearby!
The blast of sand hits the hobgoblin.
You kill the hobgoblin!
You now have 30 gold pieces (gained 4).
You open the door.
A kobold comes into view. It is wielding a +0 short sword.
A kobold is nearby!
A kobold is nearby!
You can't see any susceptible monsters within range! (Use Z to cast anyway.)
The blast of sand hits the kobold!
You kill the kobold!
Found a stone staircase leading down.
A frilled lizard and 2 jackals come into view.
There are monsters nearby!
The blast of sand hits the frilled lizard!
You kill the frilled lizard!
The jackal barks!
A jackal comes into view.
The blast of sand hits the jackal.
You kill the jackal!
The jackal barks!
A quokka comes into view.
A jackal comes into view.
A kobold comes into view. It is wielding a +0 dagger.
The blast of sand hits the jackal!
You kill the jackal!
The blast of sand misses the jackal.
The blast of sand hits the jackal.
The jackal is moderately wounded.
The jackal bites you but does no damage.
The jackal misses you.
The blast of sand hits the jackal!
You kill the jackal!
A bat comes into view.
A bat is nearby!
You see here a frilled lizard corpse.
An endoplasm comes into view.
The blast of sand hits the bat!
You kill the bat!
The jackal barks!
You hear an angry hiss.
You hear a shout!
You see here a bat corpse.
You can't see any susceptible monsters within range! (Use Z to cast anyway.)
A ball python and a hobgoblin come into view.
The ball python hisses angrily.
The blast of sand hits the jackal!
You kill the jackal!
You see here a bat corpse.
You see here a frilled lizard corpse.
The blast of sand hits the endoplasm!
You kill the endoplasm!
Your Spellcasting skill increases to level 4!
You hit the ball python.
The ball python is moderately wounded.
The ball python bites you. The ball python closely misses you.
You hit the ball python.
The ball python is severely wounded.
The ball python bites you. The ball python barely misses you.
The ball python misses you. The ball python closely misses you.
You hit the ball python but do no damage.
The ball python is severely wounded.
The ball python bites you but does no damage.
The ball python barely misses you.
You hit the ball python.
You kill the ball python!
Your Earth Magic skill increases to level 4!
The blast of sand hits the hobgoblin.
The hobgoblin is almost dead.
The hobgoblin barely misses you.
The blast of sand hits the hobgoblin!
You kill the hobgoblin!
You see here a hobgoblin corpse.
A quokka is nearby!
A quokka is nearby!
A quokka is nearby!
The blast of sand hits the quokka!!
You kill the quokka!
You have reached level 3!
Your experience leads to an increase in your attributes!
Increase (S)trength, (I)ntelligence, or (D)exterity?
You feel clever.
A goblin comes into view. It is wielding a +0 dagger.
A goblin is nearby!
A goblin is nearby!
A goblin is nearby!
You can't see any susceptible monsters within range! (Use Z to cast anyway.)
The blast of sand hits the goblin!
You kill the goblin!
A kobold is nearby!
A kobold is nearby!
A kobold is nearby!
A kobold is nearby!
A kobold is nearby!
The kobold shouts!
You see here a frilled lizard corpse.
The kobold throws a stone.
The stone hits you.
You can't see any susceptible monsters within range! (Use Z to cast anyway.)
The kobold throws a stone.
The stone closely misses you.
Things that are here:
a +0 dagger; a goblin corpse; a bat corpse The blast of sand hits the kobold!
You kill the kobold!
b - 45 stones (gained 1)
You now have 40 gold pieces (gained 10).
You see here a +0 dagger.
A rat comes into view.
A rat is nearby!
A rat is nearby!
The blast of sand misses the rat.
A rat is nearby!
A rat is nearby!
The blast of sand hits the rat.
You kill the rat!
There is an open door here.
A ball python comes into view.
The ball python hisses angrily.
A ball python is nearby!
A ball python is nearby!
The blast of sand hits the ball python!
You kill the ball python!
You can't see any susceptible monsters within range! (Use Z to cast anyway.)
You see here a ball python corpse.
Found a robe.
Found a ring mail.
You see here a +0 ring mail.
You see here a +0 ring mail.
You enter the shallow water.
Moving in this stuff is going to be slow.
You open the large door.
There is a large open door here.
You open the door.
There is an open door here.
You open the door.
There is an open door here.
As you open the door, it creaks loudly!
There is an open door here.
You open the door.
There is an open door here.
You open the door.
Found a stone staircase leading down.
There is an open door here.
There is an open door here.
You open the door.
There is an open door here.
You open the door.
There is an open door here.
There is an open door here.
There is an open door here.
There is an open door here.
There is a large open door here.
You enter the shallow water.
Moving in this stuff is going to be slow.
h - a scroll labelled DOGIGE AVOTT
(D) Dungeon
Where to? (? - help)
There is a stone staircase leading down here.
You climb downwards.
There is a stone staircase leading up here.
You climb upwards.
There is a stone staircase leading down here.
Done exploring.
Done exploring.
Done exploring.
Done exploring.
(D) Dungeon
Where to? (Enter - D:2, ? - help)
You climb downwards.
There is a stone staircase leading up here.
There's nothing to open nearby.
A goblin and 2 gnolls come into view.
The gnoll shouts!
A gnoll comes into view. It is wielding a +0 whip.
There are monsters nearby!
There are monsters nearby!
There is a stone staircase leading up here.
You start waiting.
A gnoll is nearby!
A gnoll is nearby!
A gnoll is nearby!
The blast of sand hits the gnoll.
The gnoll is heavily wounded.
The blast of sand hits the gnoll!
You kill the gnoll!
Unknown command.
Unknown command.
Unknown command.
Unknown command.
Magic restored.
Things that are here:
a +0 flail; a gnoll corpse A goblin is nearby!
A goblin is nearby!
No target in view!
A goblin is nearby!
The goblin shouts!
You hear a shout!
You hear an angry hiss.
You hear a shout!
The blast of sand hits the goblin!
You kill the goblin!
A gnoll comes into view. It is wielding a +0 halberd.
The gnoll shouts!
A ball python comes into view.
You see here a +0 club.
The ball python bites you. The ball python misses you.
The blast of sand hits the ball python!
You kill the ball python!
Things that are here:
a +0 flail; a gnoll corpse
There is a stone staircase leading up here.
The blast of sand hits the gnoll.
The gnoll is moderately wounded.
The gnoll hits you from afar with a +0 halberd.
You are too injured to fight recklessly!
The gnoll hits you from afar with a +0 halberd.
* * * LOW HITPOINT WARNING * * *
You climb upwards.
There is a stone staircase leading down here.
You start resting.
Magic restored.
You start resting.
HP restored.
Unknown command.
There is a stone staircase leading down here.
You climb downwards.
An endoplasm comes into view.
Found a fuming inky potion.
There is a stone staircase leading up here.
The blast of sand hits the endoplasm!
You kill the endoplasm!
You can't see any susceptible monsters within range! (Use Z to cast anyway.)
A bat comes into view.
A bat is nearby!
A bat is nearby!
You can't see any susceptible monsters within range! (Use Z to cast anyway.)
The bat misses you.
The blast of sand hits the bat!
You kill the bat!
A ball python comes into view.
A ball python is nearby!
A ball python is nearby!
A ball python is nearby!
A ball python is nearby!
The blast of sand hits the ball python!
You kill the ball python!
Magic restored.
i - a fuming inky potion A bat comes into view.
You see here a scroll labelled LON SIUPLECZE.
A bat is nearby!
A ball python comes into view.
The helpless ball python fails to defend itself.
You puncture the ball python!
You kill the ball python!
The bat misses you.
You closely miss the bat. The bat misses you. The bat closely misses you.
You miss the bat. The bat hits you but does no damage.
You closely miss the bat. The bat hits you but does no damage. x2
You completely miss the bat. The bat barely misses you.
The bat closely misses you.
You barely miss the bat. The bat hits you but does no damage.
You hit the bat.
You kill the bat!
No target in view!
No target in view!
e - 2 scrolls labelled LON SIUPLECZE (gained 1)
You see here a ball python corpse.
A giant cockroach comes into view.
A giant cockroach is nearby!
A giant cockroach is nearby!
A giant cockroach is nearby!
The helpless giant cockroach fails to defend itself.
You hit the giant cockroach.
You kill the giant cockroach!
No target in view!
You see here a giant cockroach corpse.
You see here a ball python corpse.
A rat and a hobgoblin come into view.
Found a stone staircase leading down.
There are monsters nearby!
There are monsters nearby!
There are monsters nearby!
There are monsters nearby!
The helpless hobgoblin fails to defend itself.
You puncture the hobgoblin!
You kill the hobgoblin!
The blast of sand hits the rat.
You kill the rat!
There is a stone staircase leading down here.
Found an opulent altar of Gozag.
You now have 42 gold pieces (gained 2).
You now have 43 gold pieces (gained 1).
You now have 45 gold pieces (gained 2).
You now have 47 gold pieces (gained 2).
You now have 49 gold pieces (gained 2).
You now have 51 gold pieces (gained 2).
You now have 53 gold pieces (gained 2).
You now have 54 gold pieces (gained 1).
Found a stone staircase leading up.
A goblin comes into view. It is wielding a +0 dagger.
A goblin is nearby!
Found 4 gold pieces.
A goblin is nearby!
The blast of sand hits the goblin.
You kill the goblin!
You now have 58 gold pieces (gained 4).
You now have 65 gold pieces (gained 7).
Things that are here:
a +0 dagger; a goblin corpse 2 jackals come into view.
The jackal barks! x2
There are monsters nearby!
The blast of sand hits the jackal!
You kill the jackal!
The jackal stops to sniff the ground.
The blast of sand hits the jackal!
You kill the jackal!
Found a stone staircase leading down.
There is a stone staircase leading down here.
A kobold comes into view. It is wielding a +0 club.
A kobold is nearby!
A kobold is nearby!
The blast of sand hits the kobold!
You kill the kobold!
Things that are here:
a +0 club; a kobold corpse A hobgoblin comes into view.
A hobgoblin is nearby!
A hobgoblin is nearby!
An endoplasm comes into view.
The blast of sand hits the hobgoblin!
You kill the hobgoblin!
The endoplasm quivers.
The blast of sand hits the endoplasm!
You kill the endoplasm!
You see here a hobgoblin corpse.
j - a scroll labelled HIMUTI HIZOS You see here a +0 club.
A gnoll is nearby!
A gnoll is nearby!
The gnoll shouts!
The blast of sand hits the gnoll!
The gnoll is almost dead.
The blast of sand hits the gnoll.
You kill the gnoll!
You have reached level 4!
You feel clever.
You now have 72 gold pieces (gained 7).
Things that are here:
a +0 flail; a gnoll corpse A giant cockroach comes into view.
There are monsters nearby!
There are monsters nearby!
Press: ? - help, v - describe, . - travel The floor.
Unknown command.
Casting: Sandblast (safe; 1% risk of failure)
Confirm with . or Enter, or press ? or * to list all spells.
Aiming: Sandblast (safe; 1% risk of failure)
Press: ? - help, Shift-Dir - straight line, f - gnoll
Aim: a gnoll, wielding a +0 whip (17% to evade)
The blast of sand misses the gnoll.
You hear a shout!
The blast of sand hits the gnoll!
The gnoll is heavily wounded.
The giant cockroach closely misses you. The gnoll barely misses you.
The giant cockroach closely misses you.
You miscast Sandblast.
You are very lightly contaminated with residual magic.
Nothing appears to happen.
The gnoll hits you with a +0 whip.
The blast of sand hits the gnoll!!
You kill the gnoll!
You hit the giant cockroach but do no damage.
The giant cockroach bites you.
You completely miss the giant cockroach.
The giant cockroach bites you.
You hit the giant cockroach but do no damage.
The giant cockroach closely misses you.
The giant cockroach bites you but does no damage.
You completely miss the giant cockroach.
The giant cockroach bites you.
You hit the giant cockroach but do no damage.
The giant cockroach bites you but does no damage.
Your magical contamination has completely faded away.
You closely miss the giant cockroach. The giant cockroach bites you.
You hit the giant cockroach.
The giant cockroach is severely wounded.
The giant cockroach bites you.
You barely miss the giant cockroach.
The giant cockroach is severely wounded.
The giant cockroach closely misses you. x2
You hit the giant cockroach but do no damage.
The giant cockroach is severely wounded.
The giant cockroach bites you.
You barely miss the giant cockroach.
The giant cockroach is severely wounded.
The giant cockroach bites you but does no damage.
You hit the giant cockroach but do no damage.
The giant cockroach is severely wounded.
The giant cockroach waves its antennae.
The giant cockroach bites you but does no damage.
The giant cockroach closely misses you. x2
The giant cockroach barely misses you.
You hit the giant cockroach but do no damage.
The giant cockroach is severely wounded.
The giant cockroach barely misses you.
The gnoll hits you from afar with a +0 halberd!
Ouch! That really hurt!
You die...

### ##..# #..#.###
#..#..# ## #.)#.#
.######## #...##.#
........##########g#
#######.##.######B.#
#....##....).@.##
#.##.##.########
#.##.##.# #.##.##.#
####....##.#
...#.#####.#
##.#.#####.#
...).......#
##.#.#######


You could see a gnoll and a giant cockroach.

Vanquished Creatures
  3 gnolls (D:2)
  3 endoplasms
  4 giant cockroaches
  4 hobgoblins
  10 jackals
  A quokka (D:1)
  6 ball pythons
  4 bats
  2 frilled lizards (D:1)
  4 goblins
  4 kobolds
  2 rats
47 creatures vanquished.

Notes
Turn   | Place    | Note
-------+----------+-------------------------------------------
     0 | D:1      | sleeves the Deep Elf Earth Elementalist began the quest for
                  | the Orb.
     0 | D:1      | Reached XP level 1. HP: 10/10 MP: 6/6
   292 | D:1      | Reached XP level 2. HP: 15/15 MP: 2/8
   756 | D:1      | Reached skill level 4 in Spellcasting
   760 | D:1      | Reached skill level 4 in Earth Magic
   813 | D:1      | Reached XP level 3. HP: 19/19 MP: 8/10
  1163 | D:2      | HP: 9/19 [gnoll/+0 halberd (3)]
  1505 | D:2      | Found an opulent altar of Gozag.
  1737 | D:2      | Reached XP level 4. HP: 24/24 MP: 9/12
  1795 | D:2      | Slain by a gnoll

Illustrated notes

Levels and vault maps discovered:
D:1:      dpeg_arrival_castle, layout_basic, minmay_strange_pillars,
          minmay_surrounded
D:2:      layout_loops_ring, nicolae_gozag_seed_capital, marbit_many_paths,
          uniq_crazy_yiuf_cottage

Skill      XL: |  1  2 |
---------------+-------+-----
Spellcasting   | 4 |  4.8
Earth Magic    | 4 |  4.5
Dodging        | |  2.4
Stealth        | |  2.4
Transmutations | |  1.1

Action                   |  1- 3 |  4- 6 || total
-------------------------+-------+-------++-------
Melee: Dagger            |    47 |    12 ||    59
 Cast: Sandblast         |    49 |     3 ||    52
 Stab: Sleeping          |     3 |       ||     3
Armor: Robe              |    12 |     4 ||    16
Dodge: Dodged            |    44 |    10 ||    54

Table legend: (Time is in decaauts)
 A = Elapsed time spent in this place.
 B = Non-inter-level travel time spent in this place.
 C = Inter-level travel time spent in this place.
 D = Time resting spent in this place.
 E = Time spent auto-exploring this place.
 F = Levels seen in this place.
 G = Mean time per level.
                   A        B        C        D        E       F      G
               +--------+--------+--------+--------+--------+-----+--------+
         Total |   1800 |   1741 |     59 |    158 |   1296 |   2 |  900.0 |
       Dungeon |   1800 |   1741 |     59 |    158 |   1296 |   2 |  900.0 |
               +--------+--------+--------+--------+--------+-----+--------+

Top non-repeatable levels by time:
     D:1: 1294 daAuts
     D:2: 505 daAuts
